 Dungeon Crawl Stone Soup version 0.32-a0-913-g739538afd8 (webtiles) character file.

Game seed: 5710927954500394221

19610 Autsider the Covert (level 12, -1/64 HPs)
             Began as a Felid Summoner on Apr 8, 2024.
             Was a High Priest of Kikubaaqudgha.
             Slain by a swamp worm (18 damage)
             ... on level 3 of the Lair of Beasts.
             The game lasted 00:51:57 (15162 turns).

Autsider the Covert (Felid Summoner)               Turns: 15162, Time: 00:51:57

Health: -1/64      AC:  3    Str:  7    XL:     12   Next: 38%
Magic:  14/25      EV: 24    Int: 33    God:    Kikubaaqudgha [*****.]
Gold:   608        SH:  5    Dex: 19    Spells: 9/27 levels left
                                        Lives:  0   Deaths: 4

rFire   + . .        (weapon unavailable)
rCold   + . .        (shield unavailable)
rNeg    . . .        (body armour unavailable)
rPois   .            (helmet unavailable)
rElec   .            (cloak unavailable)
rCorr   +            (gloves unavailable)
SInv    +            (boots unavailable)
Will    +....        D - amulet of Vostikal {Reflect rF+ Str+3 Int+5 SH+5}
Stlth   +++++        u - +6 ring of intelligence
HPRegen 0.30/turn    K - ring of resist corrosion
MPRegen 0.19/turn

%: reflection
@: about to teleport, unable to call your familiar
A: very small, claws 1, fangs 3, see invisible, shaggy fur 3, stealthy paws, no
weapons or thrown items, no armour, multi-lived
a: Renounce Religion, Unearth Wretches, Torment


You were on level 3 of the Lair of Beasts.
You worshipped Kikubaaqudgha.
Kikubaaqudgha was extremely pleased with you.
You visited 2 branches of the dungeon, and saw 13 of its levels.
You also visited: Sewer and Bailey.

You collected 1154 gold pieces.
You spent 546 gold pieces at shops.

Inventory:

Jewellery
 r - a ring of fire
 u - a +6 ring of intelligence (left paw)
 y - an amulet of faith
 D - the amulet of Vostikal (around neck) {Reflect rF+ Str+3 Int+5 SH+5}
   (You acquired it on level 3 of the Lair of Beasts)

   [amulet of reflection]

   Reflect:   It reflects blocked missile attacks.
   Str+3:     It affects your strength (+3).
   Int+5:     It affects your intelligence (+5).
   rF+:       It protects you from fire.
   SH+5:      It affects your SH (+5).
 K - a ring of resist corrosion (right paw)
Talismans
 e - a beast talisman
 o - a blade talisman
 J - a flux talisman
Wands
 v - a wand of roots (17)
 w - a wand of polymorph (4)
 A - a wand of flame (14)
Scrolls
 b - 8 scrolls of teleportation {@r2}
 g - 2 scrolls of blinking
 h - 2 scrolls of vulnerability
 l - a scroll of immolation
 n - 7 scrolls of enchant weapon
 B - 2 scrolls of noise {unknown}
 E - 2 scrolls of poison {unknown}
 F - a scroll of revelation
 G - 4 scrolls of identify {@r1}
 I - a scroll of butterflies {unknown}
 L - a scroll of amnesia {unknown}
Potions
 a - 3 potions of magic
 c - 4 potions of enlightenment
 d - 10 potions of ambrosia
 f - 5 potions of haste {unknown}
 i - 2 potions of heal wounds {@q2}
 j - 7 potions of attraction
 k - 6 potions of mutation
 m - a potion of berserk rage {unknown}
 p - 3 potions of degeneration
 q - 4 potions of might {unknown}
 s - 3 potions of brilliance
 t - 5 potions of curing {@q1}
 x - 3 potions of resistance
 z - a potion of invisibility {unknown}
 C - a potion of lignification {unknown}
 H - 2 potions of cancellation


   Skills:
 + Level 7.6 Fighting
 - Level 10.0 Dodging
 - Level 10.0 Stealth
 + Level 8.4 Spellcasting
 + Level 1.6 Hexes
 + Level 9.8 Summonings
 * Level 6.2 Necromancy
 - Level 5.0 Translocations
 - Level 5.0 Fire Magic
 - Level 5.0 Air Magic


You had 9 spell levels left.
You knew the following spells:

 Your Spells              Type           Power      Damage    Failure   Level
a - Call Canine Familiar  Summ           68%        N/A       1%          3
b - Summon Blazeheart Go  Fire/Summ      58%        N/A       1%          4
c - Summon Lightning Spi  Summ/Air       58%        N/A       1%          4
p - Anguish               Hex/Necr       19%        N/A       7%          4
x - Summon Small Mammal   Summ           100%       N/A       1%          1
z - Blink                 Tloc           92%        N/A       1%          2

Your spell library contained the following spells:

 Spells                   Type           Power      Damage    Failure   Level
 Foxfire                  Conj/Fire      100%       2x1d9     1%          1
 Kiss of Death            Conj/Necr      100%       2d13      1%          1
 Necrotise                Necr           100%       1d9       1%          1
 Call Imp                 Summ           100%       N/A       1%          2
 Cigotuvi's Dreadful Rot  Necr/Alch/Air  76%        N/A       1%          2
 Lesser Beckoning         Tloc           92%        N/A       1%          2
 Mercury Vapours          Alch/Air       60%        N/A       1%          2
 Momentum Strike          Conj/Tloc      60%        3d9       1%          2
 Fugue of the Fallen      Necr           53%        N/A       1%          3
 Summon Ice Beast         Ice/Summ       46%        N/A       1%          3
 Swiftness                Air            46%        N/A       1%          3
 Martyr's Knell           Necr/Summ      61%        N/A       1%          4
 Dispel Undead            Necr           53%        3d19      2%          4
 Sting                    Conj/Alch      52%        1d6       3%          1
 Ensorcelled Hibernation  Hex/Ice        38%        N/A       3%          2
 Mephitic Cloud           Conj/Alch/Air  24%        N/A       4%          3
 Sigil of Binding         Hex            24%        N/A       4%          3
 Hailstorm                Conj/Ice       13%        3d6       10%         3
 Passwall                 Erth           13%        N/A       10%         3
 Olgreb's Toxic Radiance  Alch           13%        N/A       32%         4
 Death Channel            Necr           26%        N/A       36%         6
 Freezing Cloud           Conj/Ice/Air   12%        6-21      43%         5
 Plasma Beam              Fire/Air       23%        2x1d35    54%         6
 Starburst                Conj/Fire      15%        6d6       88%         6
 Permafrost Eruption      Ice/Erth       6%         2x4d3     99%         6
 Sculpt Simulacrum        Ice/Alch       6%         N/A       99%         6


Dungeon Overview and Level Annotations

Branches:
Dungeon (9/15)             Temple (0/1) D:7            Lair (4/5) D:9
  Sewer (visited)          Bailey (visited)
  Swamp: Lair:2-3    Shoals: Lair:2-3     Snake: Lair:2-3    Spider: Lair:2-3
  Slime: Lair:4-5       Orc: D:9-12

Altars:
Cheibriados
Kikubaaqudgha
Ru
Vehumet
Wu Jian

Shops:
D:8 !

Annotations:
D:2 exclusion: downstairs
D:4 2 transporters
D:8 exclusion: downstairs
Lair:4 1 transporter


Innate Abilities, Weirdness & Mutations

You have sharp claws.
You have razor-sharp teeth.
You have supernaturally acute eyesight. (SInv)
Your thick and shaggy fur keeps you warm. (AC +3, rC+)
Your paws help you pounce on unaware monsters.
You are incapable of wielding weapons or throwing items.
You cannot wear armour.
You gain extra lives every three experience levels.


Message History

You hear a bellow!
You hear a croak.
You hear an angry hiss.
Casting: Summon Blazeheart Golem (dangerous; 1% risk of failure)
Confirm with . or Enter, or press ? or * to list all spells.
A fiery spirit appears, bound in slag iron.
The blink frog blinks!
The blink frog hits you. The swamp worm misses you.
The blink frog barely misses you. The swamp worm misses you.
The blink frog blinks!
A yak comes into view.
The blink frog blinks!
The swamp worm completely misses you. You block the blink frog's attack.
A tyrant leech comes into view.
The blink frog misses you. The blink frog barely misses you.
Your blazeheart golem closely misses the swamp worm.
Your blazeheart golem's core grows cold and it stops moving.
Your blazeheart golem's core flares to life once more.
You block the blink frog's attack. The yak gores you!
The swamp worm bites you!!
* * * LOW HITPOINT WARNING * * *
The blink frog attacks as it pursues you!
The blink frog hits you.
* * * LOW HITPOINT WARNING * * *
The blink frog blinks!
You block the yak's attack. The swamp worm bites you!
* * * LOW HITPOINT WARNING * * *
The blink frog hits you but does no damage.
Your blazeheart golem closely misses the blink frog.
The swamp worm bites your blazeheart golem!!
The yak attacks as it pursues you! The yak misses you.
The blink frog hits your blazeheart golem!
The blink frog blinks!
The yak attacks as it pursues you! The yak misses you.
The yak gores your blazeheart golem!
Your blazeheart golem punches the yak!!
As you read the scroll of teleportation {@r2}, it crumbles to dust.
You feel strangely unstable. The swamp worm misses you. The yak misses you.
The yak gores your blazeheart golem!
Your blazeheart golem falls apart, revealing its core!
The yak completely misses your blazeheart core.
The swamp worm bites you!!
You die...
Kikubaaqudgha rasps: You have failed me!
Welcome... death!

##.............†##.#.##
#.............†.......#
#.....†....#..#.##....#
#........†..........#.#
##.......>.w#.##.#.##...#
#.#.....#...#........#.#.#
###..###F§YY#....#.#...#.>.
#.##.##..*Y#.......F#......
######...w@#.###.##..... ..
#.......#.. ............
##.F.......##.##.#.#
##.P##......
###..##........
#....####...... #...##
.#..... #....## # #..###
##.....###


You could see a tyrant leech, 3 yaks, a swamp worm, 2 blink frogs and a friendly
blazeheart core.

Vanquished Creatures
  A catoblepas (Lair:4)
  A two-headed ogre (D:9)
  Pikel (D:5)
  An elephant (Lair:4)
  A black mamba (Lair:4)
  A rime drake (Lair:4)
  3 komodo dragons
  A queen bee (D:9)
  3 blink frogs
  A wyvern (D:9)
  18 yaks
  A basilisk (Lair:2)
  A swamp worm (Lair:3)
  2 water moccasins
  Duvessa (D:4)
  6 orc warriors
  4 wolves (Lair:2)
  An ogre (D:5)
  A centaur (D:5)
  A lemure (D:5)
  A kobold brigand (Sewer)
  2 wights (D:9)
  Dowan (D:4)
  6 killer bees (D:9)
  An orc priest (D:7)
  A hell rat (Lair:2)
  An adder (D:4)
  5 orcs
  2 kobolds (D:1)
  A quokka (D:3)
  A ball python (D:4)
  3 bats (D:1)
  A rat (D:3)
76 creatures vanquished.

Vanquished Creatures (collateral kills)
  2 orc knights (Bailey)
  2 elephants (Lair:4)
  2 cane toads
  A komodo dragon (Lair:3)
  A troll (D:9)
  Grinder (D:4)
  3 blink frogs
  Sigmund (D:5)
  12 yaks
  3 wyverns
  A basilisk (Lair:1)
  A steam dragon (D:7)
  A swamp worm (Lair:3)
  A water moccasin (Lair:1)
  An ice beast (D:7)
  3 orc warriors
  A black bear (Lair:1)
  A sky beast (D:6)
  9 wolves
  An ogre (D:6)
  A phantom (D:5)
  3 centaurs
  3 kobold brigands
  2 lemures (D:5)
  2 nameless horrors
  Blork the orc (D:5)
  9 bullfrogs
  5 wights
  13 killer bees
  5 hounds
  A jelly (D:5)
  3 orc priests
  3 sleepcaps
  Natasha (thrice) (D:3)
  3 iguanas
  8 orc wizards
  10 hell rats
  12 adders
  A river rat (D:6)
  2 shadow imps (D:8)
  2 white imps
  4 ufetubi (D:7)
  6 ribbon worms
  3 dart slugs
  42 orcs
  4 bats
  4 endoplasms
  A giant cockroach (D:6)
  8 goblins
  3 hobgoblins
  2 jackals (D:4)
  6 quokkas
  6 ball pythons
  3 frilled lizards
  23 kobolds
  11 rats
266 creatures vanquished.

Vanquished Creatures (others)
  An orc wizard (D:6)
  54 blazeheart cores
55 creatures vanquished.

Grand Total: 397 creatures vanquished

Notes
Turn   | Place    | Note
-------+----------+-------------------------------------------
     0 | D:1      | Autsider the Felid Summoner began the quest for the Orb.
     0 | D:1      | Reached XP level 1. HP: 9/9 MP: 4/4
   423 | D:1      | Reached XP level 2. HP: 11/13 MP: 6/6
  1491 | D:2      | Slain by a ribbon worm
  1491 | D:2      | Lost a life (0 lives remaining)
  1545 | D:2      | You fall into a shaft and drop 2 floors!
  1568 | D:4      | Reached XP level 3. HP: 16/16 MP: 2/8
  1572 | D:4      | Learned a level 3 spell: Call Canine Familiar
  1793 | D:3      | Found a radiant altar of Vehumet.
  2357 | D:2      | Reached XP level 4. HP: 21/21 MP: 0/9
  2357 | D:2      | Gained a life (1 life remaining)
  2882 | D:3      | Reached skill level 5 in Summonings
  3078 | D:3      | Noticed a kobold brigand
  3085 | D:3      | Learned a level 4 spell: Summon Blazeheart Golem
  3159 | D:3      | Noticed Natasha
  3166 | D:3      | Killed Natasha
  3461 | D:3      | Noticed Natasha
  3480 | D:3      | Killed a kobold brigand
  3481 | D:3      | Reached skill level 1 in Fire Magic
  3481 | D:3      | Reached XP level 5. HP: 24/24 MP: 6/11
  3632 | D:3      | Noticed a nameless horror
  3643 | D:3      | Killed Natasha
  3651 | D:3      | Killed a nameless horror
  4012 | D:3      | Noticed Natasha
  4023 | D:3      | Killed Natasha
  4124 | D:4      | Found a transporter.
  4179 | D:4      | Gained mutation: You are covered in thick fur. (AC +2)
                  | [Felid growth]
  4179 | D:4      | Reached XP level 6. HP: 28/28 MP: 4/12
  4434 | D:4      | Noticed Duvessa
  4447 | D:4      | Killed Duvessa
  4453 | D:4      | Noticed Dowan
  4475 | D:4      | Killed Dowan
  4604 | D:4      | Found a transporter.
  4669 | D:4      | Noticed Grinder
  4770 | D:4      | Killed Grinder
  4771 | D:4      | Reached XP level 7. HP: 32/32 MP: 2/14
  4771 | D:4      | Gained a life (2 lives remaining)
  5016 | D:4      | Learned a level 4 spell: Summon Lightning Spire
  5019 | D:4      | Learned a level 2 spell: Blink
  5426 | D:5      | Entered Level 5 of the Dungeon
  5429 | D:5      | Identified a scroll of acquirement
  5430 | D:5      | Acquired 514 gold pieces
  5436 | D:5      | Noticed Blork the orc
  5443 | D:5      | Killed Blork the orc
  5514 | D:5      | Noticed Sigmund
  5541 | D:5      | Killed Sigmund
  5542 | D:5      | Reached skill level 1 in Fighting
  5542 | D:5      | Reached skill level 1 in Translocations
  5641 | D:5      | Reached skill level 1 in Air Magic
  5641 | D:5      | Reached XP level 8. HP: 37/37 MP: 8/16
  5753 | D:5      | Noticed Pikel
  5775 | D:5      | Killed Pikel
  5776 | D:5      | Reached skill level 5 in Spellcasting
  5776 | D:5      | Reached skill level 5 in Fire Magic
  6697 | D:5      | Found an ancient bone altar of Kikubaaqudgha.
  6744 | D:5      | Became a worshipper of Kikubaaqudgha
  6978 | D:6      | Found a glowing drain.
  7017 | Sewer    | Entered a sewer
  7261 | Sewer    | Reached XP level 9. HP: 29/43 MP: 15/18
  7580 | Sewer    | Reached skill level 5 in Stealth
  7972 | D:6      | Reached * piety under Kikubaaqudgha
  7972 | D:6      | Received a gift from Kikubaaqudgha
  7976 | D:6      | Reached skill level 5 in Dodging
  8234 | D:6      | Reached skill level 5 in Translocations
  9222 | D:7      | Found a snail-covered altar of Cheibriados.
  9265 | D:7      | Found a staircase to the Ecumenical Temple.
  9334 | D:7      | Found an ornate altar of the Wu Jian Council.
  9336 | D:7      | Found a sacrificial altar of Ru.
  9436 | D:8      | Found a flagged portal.
  9445 | Bailey   | Entered a bailey
  9461 | Bailey   | Reached ** piety under Kikubaaqudgha
  9643 | Bailey   | Noticed an orc knight
  9644 | Bailey   | Noticed an orc knight
  9651 | Bailey   | Reached XP level 10. HP: 51/51 MP: 12/20
  9655 | Bailey   | Demolished by an orc knight
  9655 | Bailey   | Lost a life (1 life remaining)
  9709 | Bailey   | Killed an orc knight
  9710 | Bailey   | Reached skill level 1 in Necromancy
  9769 | Bailey   | Slain by an orc knight
  9769 | Bailey   | Lost a life (0 lives remaining)
  9806 | Bailey   | Killed an orc knight
 10151 | D:8      | Reached *** piety under Kikubaaqudgha
 10151 | D:8      | Received a gift from Kikubaaqudgha
 10282 | D:8      | Found Xaxzuwem's Distillery.
 10516 | D:8      | Reached skill level 5 in Fighting
 11113 | D:9      | Noticed a two-headed ogre
 11120 | D:9      | Killed a two-headed ogre
 11610 | D:9      | Reached skill level 5 in Air Magic
 11610 | D:9      | Reached XP level 11. HP: 56/56 MP: 6/22
 11610 | D:9      | Gained a life (1 life remaining)
 12023 | D:9      | Found a staircase to the Lair.
 12222 | D:8      | Bought a potion of resistance for 130 gold pieces
 12222 | D:8      | Bought a potion of curing for 39 gold pieces
 12222 | D:8      | Bought 2 potions of cancellation for 208 gold pieces
 12222 | D:8      | Bought a potion of curing for 39 gold pieces
 12222 | D:8      | Bought a potion of resistance for 130 gold pieces
 12270 | Lair:1   | Entered Level 1 of the Lair of Beasts
 12464 | Lair:1   | Reached **** piety under Kikubaaqudgha
 12900 | Lair:1   | Identified the +11 mace of Puhiaffu {antimagic, rC+ Will-
                  | Dex+4}
 14117 | Lair:2   | Reached skill level 10 in Stealth
 14226 | Lair:2   | Reached skill level 5 in Necromancy
 14653 | Lair:2   | Gained mutation: Your thick and shaggy fur keeps you warm.
                  | (AC +3, rC+) [Felid growth]
 14653 | Lair:2   | Reached XP level 12. HP: 63/63 MP: 19/25
 14713 | Lair:2   | You fall into a shaft and drop 2 floors!
 14721 | Lair:4   | Noticed a catoblepas
 14747 | Lair:4   | Reached ***** piety under Kikubaaqudgha
 14770 | Lair:4   | Reached skill level 10 in Dodging
 14770 | Lair:4   | Killed a catoblepas
 14932 | Lair:4   | Found a transporter.
 14934 | Lair:4   | Noticed a boulder beetle
 15058 | Lair:3   | Acquired the amulet of Vostikal {Reflect rF+ Str+3 Int+5
                  | SH+5}
 15070 | Lair:3   | Learned a level 4 spell: Anguish
 15116 | Lair:3   | Slain by a blink frog
 15116 | Lair:3   | Lost a life (0 lives remaining)
 15133 | Lair:3   | Reached skill level 1 in Hexes
 15162 | Lair:3   | Slain by a swamp worm

Illustrated notes

Levels and vault maps discovered:
D:1:      elethiomel_arrival_diamonds, layout_basic
D:2:      layout_basic
D:3:      cheibrodos_thug_alley, layout_rooms, overflow_temple_1_default,
          nrook_uturn, uniq_natasha
D:4:      layout_basic, gammafunk_ghost_abyssal_escape, uniq_duvessa,
          uniq_grinder, uniq_crazy_yiuf_cottage
D:5:      layout_loops_ring, lemuel_coloured_pillars_altar,
          kennysheep_generic_room_2, uniq_blork_the_orc, uniq_pikel,
          uniq_sigmund
D:6:      layout_basic, portal_sewer_entry_a, chequers_arboretum
D:7:      layout_loops_ring, nicolae_overflow_hidden_temple,
          minmay_temple_entry_offerings
D:8:      layout_loops_cross, enter_bailey_2, nicolae_take_the_stairs
D:9:      layout_loops_ring, dpeg_oklobed_lair, special_room [special_room_bee]
Lair:1:   layout_hall_layers, grunt_megastairs_5
Lair:2:   layout_loops_ring, spider_nest_entry_a, lemuel_fruit_fields
Lair:3:   layout_cave_pods, minmay_swamp_entry_worms, minivault_27, uniq_urug
Lair:4:   layout_regular_city, gammafunk_ghost_arena, serial_bayou_shore_b

Skill      XL: |  1  2  3  4  5  6  7  8  9 10 11 12 |
---------------+-------------------------------------+-----
Spellcasting   | 3 4 5 6 8 |  8.4
Summonings     | 5 6 7 8 9 |  9.8
Fire Magic     | 1 2 4 5 |  5.0
Fighting       | 1 2 4 5 7 |  7.6
Dodging        | 3 4 6 7 9 10 | 10.0
Stealth        | 3 4 6 8 10 | 10.0
Translocations | 1 3 5 |  5.0
Air Magic      | 1 2 3 5 |  5.0
Necromancy     | 3 5 6 |  6.2
Hexes          | 1 |  1.6

Action                     |  1- 3 |  4- 6 |  7- 9 | 10-12 || total
---------------------------+-------+-------+-------+-------++-------
  Melee: Unarmed           |    25 |     9 |    18 |     9 ||    61
         Bite              |     1 |       |     3 |     3 ||     7
         Punch             |     1 |     1 |       |       ||     2
   Cast: Summon Small Mamm |    51 |    11 |       |       ||    62
         Call Canine Famil |     8 |    16 |    27 |    24 ||    75
         Summon Blazeheart |       |    11 |    27 |    58 ||    96
         Summon Lightning  |       |       |    16 |    48 ||    64
    Use: Scroll            |       |     4 |    10 |     2 ||    16
         Potion            |       |       |     2 |     5 ||     7
   Stab: Sleeping          |     2 |       |     1 |       ||     3
 Armour: Skin              |    20 |    15 |    21 |    60 ||   116
  Dodge: Dodged            |    23 |    32 |    58 |   150 ||   263
  Block: Other             |       |       |       |    10 ||    10

Table legend: (Time is in decaauts)
 A = Elapsed time spent in this place.
 B = Non-inter-level travel time spent in this place.
 C = Inter-level travel time spent in this place.
 D = Time resting spent in this place.
 E = Time spent auto-exploring this place.
 F = Levels seen in this place.
 G = Mean time per level.
                   A        B        C        D        E       F      G
               +--------+--------+--------+--------+--------+-----+--------+
         Total |  15333 |  14477 |    856 |   1595 |   9529 |  15 | 1022.2 |
       Dungeon |  10993 |  10187 |    806 |    803 |   7283 |   9 | 1221.4 |
          Lair |   2890 |   2840 |     50 |    644 |   1566 |   4 |  722.5 |
         Sewer |    964 |    964 |      0 |     13 |    633 |   1 |  964.0 |
        Bailey |    484 |    484 |      0 |    135 |     46 |   1 |  484.0 |
               +--------+--------+--------+--------+--------+-----+--------+

Top non-repeatable levels by time:
  Lair:1: 1690 daAuts
     D:5: 1476 daAuts
     D:1: 1442 daAuts
     D:4: 1419 daAuts
     D:3: 1384 daAuts
     D:9: 1309 daAuts
     D:2: 1184 daAuts
     D:8: 1029 daAuts
   Sewer: 964 daAuts
     D:6: 875 daAuts
     D:7: 871 daAuts
  Lair:2: 723 daAuts
  Bailey: 484 daAuts
  Lair:3: 247 daAuts
  Lair:4: 229 daAuts
